 Dungeon Crawl Stone Soup version 0.30-a0-723-gc1506a1cf0 (webtiles) character file.

Game seed: 4842266885006115330

74 ejparker the Grave Robber (level 4, -5/35 HPs)
             Began as a Ghoul Necromancer on Jan 28, 2023.
             Slain by a gnoll
             ... wielding a +0 club
              (6 damage)
             ... on level 3 of the Dungeon.
             The game lasted 00:19:57 (1646 turns).

ejparker the Grave Robber (Ghoul Necromancer)       Turns: 1646, Time: 00:19:58

Health: -5/35      AC:  2    Str: 11    XL:     4   Next: 28%
Magic:  2/6        EV: 12    Int: 10    God:
Gold:   34         SH:  0    Dex: 11    Spells: 6/7 levels left

rFire   . . .      SeeInvis .    e - +1 short sword
rCold   + . .      Faith    .    (no shield)
rNeg    + + +      Spirit   .    a - +0 robe
rPois   ∞          Reflect  .    (no helmet)
rElec   .          Harm     .    (no cloak)
rCorr   .          Rampage  .    (no gloves)
Will    .....                    (no boots)
Stlth   ++                       (no amulet)
HPRegen 0.00/turn                (no ring)
MPRegen 0.10/turn                (no ring)

@: inhibited regen
A: claws 1, cold resistance 1, negative energy resistance 3, inhibited
regeneration, torment resistance 2, devour on kill
a: no special abilities


You were on level 3 of the Dungeon.
You visited 1 branch of the dungeon, and saw 3 of its levels.

You collected 116 gold pieces.
You spent 82 gold pieces at shops.

Inventory:

Hand Weapons
 e - a +1 short sword (weapon)
 f - a +0 short sword
 i - a +0 dagger
 l - a +0 dagger
 m - a +0 dagger
 q - a +0 dagger
 s - a +0 dagger
 u - a +0 short sword
 v - a +0 dagger
 w - a +0 club
Missiles
 c - 2 silver boomerangs
 d - 26 stones
Armour
 a - a +0 robe (worn)
 h - a +0 scale mail
Scrolls
 k - 2 scrolls of silence {unknown}
 n - a scroll of enchant armour {unknown}
 p - a scroll of teleportation {unknown}
 r - a scroll of magic mapping {unknown}
 x - a scroll of identify {unknown}
Potions
 b - a potion of magic
 g - a potion of might {unknown}
 j - a potion of curing {unknown}
 o - a potion of heal wounds {unknown}
 t - 2 potions of lignification {unknown}
 z - a potion of haste {unknown}


   Skills:
 + Level 1.0 Fighting
 + Level 1.0 Short Blades
 + Level 2.3 Dodging
 + Level 2.6 Stealth
 + Level 2.2 Spellcasting
 + Level 4.5 Necromancy


You had 6 spell levels left.
You knew the following spells:

 Your Spells              Type           Power      Damage    Failure   Level
a - Necrotise             Necr           40%        1d6       4%          1

Your spell library contained the following spells:

 Spells                   Type           Power      Damage    Failure   Level
 Vampiric Draining        Necr           10%        2d6       14%         3
 Animate Dead             Necr           10%        N/A       43%         4
 Agony                    Necr           10%        N/A       78%         5


Dungeon Overview and Level Annotations

Branches:
Dungeon (3/15)

Altars:

Shops:
D:2 :*?


Innate Abilities, Weirdness & Mutations

You are immune to poison.
You have sharp fingernails.
Your flesh is cold resistant. (rC+)
You are immune to negative energy. (rN+++)
You do not regenerate when monsters are visible.
You are immune to unholy pain and torment.
You thrive by killing the living.


Message History

Aiming: Necrotise (safe; 4% risk of failure)
Press: ? - help, Shift-Dir - straight line, f/p - gnoll
Aim: a gnoll, wielding a +0 club (almost dead, chance to affect: 71%)
The gnoll writhes in agony.
You kill the gnoll!
The dead are walking!
The gnoll hits your gnoll skeleton with a +0 club. x2
Your Fighting skill increases to level 1!
Casting: Necrotise (safe; 4% risk of failure)
Confirm with . or Enter, or press ? or * to list all spells.
You can't see any susceptible monsters within range! (Use Z to cast anyway.) Unknown command.
Found a short sword.
The gnoll hits your gnoll skeleton with a +0 club.
Your gnoll skeleton is destroyed!
Casting: Necrotise (safe; 4% risk of failure)
Confirm with . or Enter, or press ? or * to list all spells.
Aiming: Necrotise (safe; 4% risk of failure)
Press: ? - help, Shift-Dir - straight line, f - gnoll
Aim: a gnoll, wielding a +0 club (heavily wounded, chance to affect: 71%)
The gnoll writhes in agony.
Something unseen opens the door.
You barely miss the gnoll.
The gnoll is heavily wounded.
The gnoll hits you with a +0 club.
* * * LOW HITPOINT WARNING * * *
A kobold comes into view. It is wielding a +0 short sword.
You closely miss the gnoll.
The gnoll is heavily wounded.
The gnoll misses you.
Found a stone staircase leading up.
The gnoll attacks as you move away! The gnoll misses you.
The gnoll attacks as you move away! The gnoll hits you with a +0 club.
* * * LOW HITPOINT WARNING * * *
Found an escape hatch in the floor.
You see here a +0 short sword.
The gnoll attacks as you move away! The gnoll barely misses you.
A kobold comes into view. It is wielding a +0 dagger.
The kobold shouts!
The gnoll attacks as you move away! The gnoll hits you with a +0 club.
You die...

#..........#
#......K...#
###..........#
............#
#..........#
##.........#
#..........# #.##
#...@....... ....
#...g....... ....
#...J....... ...
#..K)......> #..
##..g.....#.
#.### ##......##
#...###..........
#<).........<..
#####..........


You could see 2 gnolls, an endoplasm and 2 kobolds.

Vanquished Creatures
  3 adders (D:2)
  A gnoll (D:3)
  A worm (D:2)
  2 ball pythons
  3 bats (D:1)
  5 endoplasms
  4 goblins
  3 hobgoblins
  2 jackals (D:2)
  A quokka (D:2)
  A frilled lizard (D:2)
  3 kobolds
  3 rats (D:1)
32 creatures vanquished.

Vanquished Creatures (collateral kills)
  A frilled lizard (D:2)
  A goblin (D:2)
2 creatures vanquished.

Grand Total: 34 creatures vanquished

Notes
Turn   | Place    | Note
-------+----------+-------------------------------------------
     0 | D:1      | ejparker the Ghoul Necromancer began the quest for the Orb.
     0 | D:1      | Reached XP level 1. HP: 14/14 MP: 2/2
   632 | D:1      | Reached XP level 2. HP: 20/20 MP: 3/3
   950 | D:2      | Found Gibuclap's Book Shop.
   975 | D:2      | Reached XP level 3. HP: 18/26 MP: 3/5
  1215 | D:2      | Found Odiugab's Magic Scroll Emporium.
  1227 | D:2      | Reached XP level 4. HP: 24/34 MP: 3/6
  1282 | D:2      | Reached skill level 1 in Short Blades
  1294 | D:2      | Found Cujer's Assorted Antiques.
  1582 | D:2      | Bought a scroll of enchant weapon for 82 gold pieces
  1635 | D:3      | Reached skill level 1 in Fighting
  1641 | D:3      | HP: 1/35 [gnoll/+0 club (6)]
  1646 | D:3      | Slain by a gnoll

Illustrated notes

Levels and vault maps discovered:
D:1:      erik_arrival_orb_chamber, layout_rooms
D:2:      layout_basic, serial_shops, shop, shop, nicolae_square_shop,
          serial_glass, glass_columns_a, glass_columns_c
D:3:      layout_rooms, mainiacjoe_overflow_paths, nrook_uturn

Skill      XL: |  1  2  3  4 |
---------------+-------------+-----
Spellcasting   | 2 |  2.2
Dodging        | 2 |  2.3
Short Blades   | 1 |  1.0
Fighting       | 1 |  1.0
Stealth        | |  2.6
Necromancy     | |  4.5

Action                     |  1- 3 |  4- 6 || total
---------------------------+-------+-------++-------
  Melee: Short sword       |   159 |    33 ||   192
         Unarmed           |     2 |       ||     2
         Punch             |     1 |       ||     1
   Cast: Necrotise         |    17 |     9 ||    26
    Use: Scroll            |       |     1 ||     1
   Stab: Sleeping          |     1 |       ||     1
 Armour: Robe              |    25 |     3 ||    28
  Dodge: Dodged            |   124 |    18 ||   142

Table legend: (Time is in decaauts)
 A = Elapsed time spent in this place.
 B = Non-inter-level travel time spent in this place.
 C = Inter-level travel time spent in this place.
 D = Time resting spent in this place.
 E = Time spent auto-exploring this place.
 F = Levels seen in this place.
 G = Mean time per level.
                   A        B        C        D        E       F      G
               +--------+--------+--------+--------+--------+-----+--------+
         Total |   1639 |   1639 |      0 |    378 |    118 |   3 |  546.3 |
       Dungeon |   1639 |   1639 |      0 |    378 |    118 |   3 |  546.3 |
               +--------+--------+--------+--------+--------+-----+--------+

Top non-repeatable levels by time:
     D:1: 918 daAuts
     D:2: 695 daAuts
     D:3: 26 daAuts
